 Dungeon Crawl Stone Soup version 0.22.0-5-gf09313c (webtiles) character file.

50 inmateoo the Grave Robber (level 3, -2/24 HPs)
             Began as a Vampire Necromancer on Aug 13, 2018.
             Slain by an orc
             ... wielding a +0 club
              (3 damage)
             ... on level 3 of the Dungeon.
             The game lasted 00:04:17 (1600 turns).

inmateoo the Grave Robber (Vampire Necromancer)     Turns: 1600, Time: 00:04:17

Health: -2/24      AC:  3    Str:  7    XL:     3   Next: 55%
Magic:  6/6        EV: 12    Int: 18    God:
Gold:   128        SH:  0    Dex: 14    Spells: 1/6 levels left

rFire    . . .     SeeInvis +   o - +2 hand axe (flame)
rCold    . . .     Gourm    .   (no shield)
rNeg     . . .     Faith    .   a - +0 robe
rPois    .         Spirit   .   (no helmet)
rElec    .         Reflect  .   (no cloak)
rCorr    .         Harm     .   m - +0 pair of gloves
MR       .....                  (no boots)
Stlth    ++........             (no amulet)
HPRegen  0.28/turn              (no ring)
MPRegen  0.10/turn              (no ring)

@: regenerating quickly
A: fangs 3, see invisible, unbreathing
a: no special abilities


You were on level 3 of the Dungeon.
You were almost alive.

You visited 1 branch of the dungeon, and saw 3 of its levels.

You collected 128 gold pieces.

Inventory:

Hand Weapons
 o - a +2 hand axe of flaming (weapon)
Armour
 a - a +0 robe (worn)
 m - a +0 pair of gloves (worn)
Scrolls
 d - a scroll of immolation {unknown}
 f - a scroll of identify {unknown}
 i - a scroll of magic mapping {unknown}
 j - 2 scrolls of noise {unknown}
 l - a scroll of fog {unknown}
 n - a scroll of amnesia {unknown}
Potions
 b - 2 potions of curing {unknown}
 c - 4 potions of blood
 g - 2 potions of agility {unknown}
 h - 3 potions of heal wounds {unknown}
 k - a potion of resistance {unknown}


   Skills:
 - Level 2.1 Dodging
 - Level 3.0 Stealth
 - Level 2.0 Spellcasting
 + Level 5.9 Necromancy


You had one spell level left.
You knew the following spells:

 Your Spells              Type           Power        Failure   Level  Hunger
a - Pain                  Necr           ###.         1%          1    #......
b - Animate Skeleton      Necr           N/A          1%          1    #......
c - Vampiric Draining     Necr           ###.......   4%          3    ###....

Your spell library contained the following spells:

 Spells                   Type           Power        Failure   Level  Hunger
 Animate Dead             Necr           N/A          16%         4    #####..
 Regeneration             Chrm/Necr      ##........   16%         3    ###....


Dungeon Overview and Level Annotations

Branches:
Dungeon (3/15)

Altars:
Ashenzari


Innate Abilities, Weirdness & Mutations

Your natural rate of healing is unusually fast.
You have razor-sharp teeth.
You have supernaturally acute eyesight. (SInv)
You can survive without breathing.


Message History

You drop a +0 dagger.
There is a stone staircase leading down here.
You start resting.
Magic restored.
You climb downwards.
The orc misses you. The orc hits you with a hand axe.
The orc hits you with a club. The orc hits you with a dagger.
The orc hits you with a short sword.
* * * LOW HITPOINT WARNING * * *
The orc hits you with a club.
* * * LOW HITPOINT WARNING * * *
The orc hits you but does no damage.
There is a stone staircase leading up here.
Unknown command.
Unknown command.
The orc hits you but does no damage. The orc hits you with a short sword.
* * * LOW HITPOINT WARNING * * *
The orc wizard mumbles some strange words.
The orc wizard seems to speed up.
The orc hits you but does no damage. The orc hits you with a club.
You die...

....#
... ..>
o.. #r#
#r# #o#
#@#
#ooo..#
#.....#
#.....#
#.....#
#.....#
#.....#
......#


You could see an orc wizard, 4 orcs, a quokka and a rat.

Vanquished Creatures
  A worm (D:2)
  A dart slug (D:2)
  An orc (D:2)
  3 giant cockroaches
  4 goblins (D:1)
  11 hobgoblins
  2 jackals (D:2)
  3 kobolds
  6 bats
  A frilled lizard (D:2)
  5 rats
38 creatures vanquished.

Vanquished Creatures (others)
  A bat (D:1)
1 creature vanquished.

Grand Total: 39 creatures vanquished

Notes
Turn   | Place    | Note
-------+----------+-------------------------------------------
     0 | D:1      | inmateoo the Vampire Necromancer began the quest for the Orb.
     0 | D:1      | Reached XP level 1. HP: 13/13 MP: 3/3
   101 | D:1      | Reached XP level 2. HP: 18/19 MP: 1/5
   104 | D:1      | Learned a level 1 spell: Animate Skeleton
   177 | D:1      | Reached skill level 5 in Necromancy
   463 | D:1      | Found a shattered altar of Ashenzari.
   971 | D:2      | Reached XP level 3. HP: 24/24 MP: 6/6
   980 | D:2      | Learned a level 3 spell: Vampiric Draining
  1600 | D:3      | HP: 1/24 [orc/short sword (3)]
  1600 | D:3      | Slain by an orc

Skill      XL: |  1  2 |
---------------+-------+-----
Necromancy     | 5 |  5.9
Dodging        | |  2.1
Stealth        | |  3.0
Spellcasting   | |  2.0

Action                   || total
-------------------------++-------
Melee: Unarmed           ||     3
       Bite              ||     5
       Dagger            ||    59
 Cast: Pain              ||    47
       Animate Skeleton  ||     1
 Stab: Sleeping          ||     3
  Eat: Corpse            ||    14
Armor: Robe              ||    19
Dodge: Dodged            ||    44
